 Dungeon Crawl Stone Soup version 0.25-a0-734-g73332aeda9 (webtiles) character file.

Game seed: 5926318749342832253, levelgen mode: deterministic

1068 Ezendos the Conjurer (level 8, -3/46 HPs)
             Began as a Deep Elf Conjurer on Apr 11, 2020.
             Shot with an arrow by a centaur (8 damage)
             ... on level 5 of the Dungeon.
             The game lasted 00:21:06 (6673 turns).

Ezendos the Conjurer (Deep Elf Conjurer)            Turns: 6673, Time: 00:21:06

Health: -3/46      AC:  3    Str:  5    XL:     8   Next: 7%
Magic:  4/16       EV: 14    Int: 23    God:
Gold:   119        SH:  0    Dex: 15    Spells: 4/15 levels left

rFire    . . .     SeeInvis .   h - +2 dagger (venom)
rCold    . . .     Gourm    .   (no shield)
rNeg     . . .     Faith    .   a - +0 robe
rPois    .         Spirit   .   (no helmet)
rElec    .         Reflect  .   r - +0 cloak
rCorr    .         Harm     .   (no gloves)
MR       +....                  (no boots)
Stlth    +++.......             (no amulet)
HPRegen  0.15/turn              k - ring of stealth
MPRegen  0.15/turn              g - ring of protection from magic

@: no status effects
A: no striking features
a: no special abilities


You were on level 5 of the Dungeon.
You were very hungry.

You visited 1 branch of the dungeon, and saw 5 of its levels.

You collected 251 gold pieces.
You spent 132 gold pieces at shops.

Inventory:

Hand Weapons
 h - a +2 dagger of venom (weapon)
 n - a +2 short sword of freezing
 A - a +5 dire flail of holy wrath
 B - a +0 hunting sling
Armour
 a - a +0 robe (worn)
 i - a +0 leather armour
 p - a +0 ring mail
 r - a +0 cloak (worn)
Jewellery
 g - a ring of protection from magic (right hand)
 j - a +3 ring of strength
 k - a ring of stealth (left hand)
Scrolls
 c - 3 scrolls of amnesia
 e - 2 scrolls of remove curse
 f - a scroll of enchant armour
 m - 2 scrolls of fear
 q - a scroll of enchant weapon
 v - a scroll of magic mapping
 x - 2 scrolls of fog {unknown}
 y - a scroll of blinking {unknown}
 D - a scroll of noise {unknown}
 E - a scroll of identify
Potions
 b - 2 potions of brilliance
 l - 2 potions of flight {unknown}
 o - a potion of curing
 s - 2 potions of resistance
 t - a potion of stabbing
 u - a potion of mutation {unknown}
 w - a potion of ambrosia
 z - a potion of lignification
Comestibles
 d - 10 rations


   Skills:
 + Level 3.5 Fighting
 - Level 4.0 Dodging
 - Level 2.4 Stealth
 - Level 4.0 Spellcasting
 + Level 6.8 Conjurations
 - Level 5.3 Hexes
 - Level 4.0 Translocations


You had 4 spell levels left.
You knew the following spells:

 Your Spells              Type           Power        Failure   Level  Hunger
a - Magic Dart            Conj           ####         1%          1    None
b - Searing Ray           Conj           #####.       1%          2    #......
c - Iskenderun's Mystic   Conj/Tloc      ####....     11%         4    ####...
d - Fulminant Prism       Conj/Hex       ####......   9%          4    ####...

Your spell library contained the following spells:

 Spells                   Type           Power        Failure   Level  Hunger
 Dazzling Flash           Conj/Hex       ####..       2%          3    ##.....


Dungeon Overview and Level Annotations

Branches:
Dungeon (5/15)
 Temple: D:4-7

Altars:
Fedhas
Okawaru
Qazlal
Trog
Uskayaw
Zin
The Shining One

Shops:
D:4 *

Annotations:
D:3 2 runed translucent doors, Sigmund; Yehuk's ghost, amateur GrFi


Message History

Confirm with . or Enter, or press ? or * to list all spells.
Aiming: Fulminant Prism (safe; 9% risk of failure)
Press: ? - help, Dir - move target cursor You conjure a prism of explosive energy!
A fulminant prism comes into view.
The centaur shoots an arrow.
The arrow hits you.
The centaur unwields a +0 shortbow.
The centaur hits your fulminant prism!
Your fulminant prism detonates feebly.
You see here an arrow.
The centaur wields a +0 shortbow.
The centaur shoots an arrow.
The arrow hits you!
You see here an arrow.
Okay, then.
Okay, then.
The centaur shoots an arrow.
The arrow hits you!
You see here 2 arrows.
The centaur shoots an arrow.
The arrow hits you!
* * * LOW HITPOINT WARNING * * *
The centaur shoots an arrow.
The arrow hits you!
You die...

..#####..#
#......#......#......#
⌠........#
#......#......#......#
..#####.##
#......#......#......#
.#'...###
##....##......'......#
.#...8.#
#....##......#......#
.#.._..#
#.....#......#......#
.#.8.8.#
#...(.#......#......#
.##...##
#.)((##......#......#
..#####
#...@##......#......#
.##
#...(........#......#
.#
#....c†......#......#
.# #...........
#......# .#
#........... #......#
.# #...........
#......# .#
#....##..... #......#
.# ##+### ..... .#


You could see a centaur.

Vanquished Creatures
  An ice beast (D:3)
  A phantom (D:4)
  An ogre (D:4)
  Blork the orc (D:5)
  A scorpion (D:4)
  A crimson imp (D:2)
  A centaur zombie (D:5)
  3 jellies
  3 orc priests
  3 iguanas (D:5)
  2 orc wizards
  4 worker ants
  9 adders
  12 oozes
  An adder zombie (D:3)
  4 worms
  A dart slug (D:2)
  2 leopard geckos
  19 orcs
  5 giant cockroaches
  11 goblins
  6 hobgoblins
  15 jackals
  14 kobolds
  3 quokkas
  A ball python (D:2)
  8 bats
  5 frilled lizards
  13 rats
151 creatures vanquished.

Vanquished Creatures (others)
  23 fulminant prisms
  A fungus (D:4)
  10 toadstools (D:4)
34 creatures vanquished.

Grand Total: 185 creatures vanquished

Notes
Turn   | Place    | Note
-------+----------+-------------------------------------------
     0 | D:1      | Ezendos the Deep Elf Conjurer began the quest for the Orb.
     0 | D:1      | Reached XP level 1. HP: 10/10 MP: 6/6
   102 | D:1      | Reached skill level 1 in Fighting
   258 | D:1      | Reached XP level 2. HP: 16/16 MP: 4/8
   993 | D:2      | Reached XP level 3. HP: 21/21 MP: 3/9
  1075 | D:2      | Found an iron altar of Okawaru.
  1130 | D:2      | Learned a level 2 spell: Searing Ray
  1468 | D:2      | Reached XP level 4. HP: 26/26 MP: 2/11
  1476 | D:1      | Learned a level 4 spell: Fulminant Prism
  1589 | D:2      | Reached skill level 5 in Conjurations
  1589 | D:2      | Reached skill level 1 in Hexes
  1775 | D:2      | Reached XP level 5. HP: 27/30 MP: 4/12
  2338 | D:3      | Found a glowing golden altar of the Shining One.
  2450 | D:3      | Learned a level 4 spell: Iskenderun's Mystic Blast
  2484 | D:3      | Noticed Sigmund
  2514 | D:3      | Found a runed translucent door.
  2550 | D:3      | Noticed Yehuk's ghost (amateur GrFi)
  2826 | D:3      | Noticed an ice beast
  2868 | D:3      | Killed an ice beast
  3234 | D:3      | Found a runed translucent door.
  3833 | D:4      | Reached skill level 5 in Hexes
  3833 | D:4      | Reached XP level 6. HP: 35/35 MP: 6/14
  4097 | D:4      | Reached skill level 1 in Translocations
  4473 | D:4      | Reached XP level 7. HP: 38/40 MP: 7/15
  4872 | D:4      | Found Getresot's Assorted Antiques.
  4880 | D:4      | Bought a fuming emerald potion for 20 gold pieces
  4880 | D:4      | Bought a scroll labeled AQUSYM PAIN for 23 gold pieces
  4880 | D:4      | Bought a metallic sapphire potion for 20 gold pieces
  4880 | D:4      | Bought a scroll labeled CUSOTTEDOY for 23 gold pieces
  4880 | D:4      | Bought a scroll labeled CUSOTTEDOY for 23 gold pieces
  4880 | D:4      | Bought a scroll labeled ALIWIPSO YNAMM for 23 gold pieces
  5353 | D:4      | Reached skill level 6 in Conjurations
  5473 | D:5      | Entered Level 5 of the Dungeon
  5526 | D:5      | Noticed Blork the orc
  5532 | D:5      | Killed Blork the orc
  5848 | D:5      | Found a blossoming altar of Fedhas.
  6023 | D:5      | Reached XP level 8. HP: 46/46 MP: 1/16
  6232 | D:5      | Found a stormy altar of Qazlal.
  6235 | D:5      | Found a glowing silver altar of Zin.
  6238 | D:5      | Found a bloodstained altar of Trog.
  6241 | D:5      | Found a hide-covered altar of Uskayaw.
  6673 | D:5      | Shot with an arrow by a centaur

Levels and vault maps discovered:
D:1:      lightli_arrival_boilingwater, layout_basic, chequers_big_river,
          st_stairs_6
D:2:      layout_rooms, okawaru_ov_weapons_minmay, minmay_close_crescents
D:3:      minmay_recursive_quarters, layout_loops_ring, lemuel_crystal_altar,
          ebering_ghost_sewer_f, kennysheep_generic_room_14, uniq_sigmund
D:4:      cheibrodos_fertilizer, layout_cave_pools, serial_shops, shop,
          corexii_corridor_pit
D:5:      layout_gridville, grunt_temple_overflow_cloverleaf, basic_altar,
          first_ration, uniq_blork_the_orc

Skill      XL: |  1  2  3  4  5  6  7 |
---------------+----------------------+-----
Fighting       | 1 2 3 |  3.5
Conjurations   | 5 6 |  6.8
Hexes          | 2 5 |  5.3
Spellcasting   | 4 |  4.0
Translocations | 3 4 |  4.0
Dodging        | 4 |  4.0
Stealth        | |  2.4

Action                   |  1- 3 |  4- 6 |  7- 9 || total
-------------------------+-------+-------+-------++-------
Melee: Dagger            |     3 |     4 |     4 ||    11
 Cast: Magic Dart        |    70 |    85 |    62 ||   217
       Searing Ray       |     7 |    24 |    10 ||    41
       Fulminant Prism   |       |     8 |    15 ||    23
       Iskenderun's Myst |       |       |     3 ||     3
  Use: Potion            |       |     2 |       ||     2
       Scroll            |       |     6 |     4 ||    10
 Stab: Distracted        |       |     1 |       ||     1
  Eat: Chunk             |     1 |    11 |     6 ||    18
       Ration            |       |       |     1 ||     1
Armor: Robe              |     2 |     3 |       ||     5
Dodge: Dodged            |     5 |    15 |     7 ||    27

Table legend:
 A = Non-vault XP
 B = Vault XP
 C = Vault XP percentage of total XP
 D = Non-vault monster count
 E = Vault monster count
 F = Vault count percentage of total count
                 A         B        C        D         E       F
            +---------+---------+-------+---------+---------+-------
      Total |    1196 |     330 |  21.6 |     119 |      32 |  21.2
            +---------+---------+-------+---------+---------+-------
        D:1 |      27 |       7 |  20.6 |      19 |       1 |   5.0
        D:2 |     164 |      39 |  19.2 |      38 |       6 |  13.6
        D:3 |      72 |      35 |  32.7 |      26 |       7 |  21.2
        D:4 |     560 |     153 |  21.5 |      20 |      17 |  45.9
        D:5 |     373 |      96 |  20.5 |      16 |       1 |   5.9
            +---------+---------+-------+---------+---------+-------
